 Dungeon Crawl Stone Soup version 0.26.0-10-g1f06aea511 (webtiles) character file.

Game seed: 16352687838983750392

106 dohliylev the Skirmisher (level 4, 0/30 HPs)
             Began as a Gargoyle Fighter on Jan 17, 2021.
             Slain by a killer bee (4 damage)
             ... on level 3 of the Dungeon.
             The game lasted 00:03:47 (1443 turns).

dohliylev the Skirmisher (Gargoyle Fighter)         Turns: 1443, Time: 00:03:48

Health: 0/30       AC: 10    Str: 21    XL:     4   Next: 84%
Magic:  4/4        EV:  7    Int:  8    God:
Gold:   75         SH:  9    Dex:  9    Spells: 3/3 levels left

rFire    . . .     SeeInvis .   a - +0 flail
rCold    + . .     Faith    .   c - +0 kite shield
rNeg     + . .     Spirit   .   b - +0 scale mail
rPois    ∞         Reflect  .   (no helmet)
rElec    +         Harm     .   (no cloak)
rCorr    .         Rampage  .   (no gloves)
Will     .....                  (no boots)
Stlth    +.........             (no amulet)
HPRegen  0.10/turn              h - ring of protection from cold
MPRegen  0.09/turn              i - ring of stealth

@: mighty
A: negative energy resistance 1, electricity resistance, unbreathing,
petrification resistance, miasma immunity, AC +3
a: no special abilities


You were on level 3 of the Dungeon.
You visited 1 branch of the dungeon, and saw 3 of its levels.

You collected 75 gold pieces.

Inventory:

Hand Weapons
 a - a +0 flail (weapon)
Armour
 b - a +0 scale mail (worn)
 c - a +0 kite shield (worn)
Jewellery
 h - a ring of protection from cold (left hand)
 i - a ring of stealth (right hand)
Scrolls
 e - a scroll of enchant weapon {unknown}
 j - 2 scrolls of identify {unknown}
 k - a scroll of fear {unknown}
 m - a scroll of remove curse {unknown}
Potions
 f - a potion of resistance {unknown}
 g - 2 potions of flight {unknown}
 l - 2 potions of curing {unknown}
 n - a potion of cancellation {unknown}


   Skills:
 + Level 4.6 Fighting
 + Level 3.6 Maces & Flails
 - Level 3.2 Armour
 + Level 0.4 Dodging
 - Level 3.2 Shields


You had 3 spell levels left.
You didn't know any spells.
Your spell library was empty.

Dungeon Overview and Level Annotations

Branches:
Dungeon (3/15)

Altars:


Innate Abilities, Weirdness & Mutations

You are resistant to torment.
Your stone body is resilient. (AC +3)
You are immune to poison.
You resist negative energy. (rN+)
You are resistant to electric shocks. (rElec)
You can survive without breathing.
You are immune to petrification.
You are immune to miasma.


Message History

You block the killer bee's attack. The killer bee barely misses you.
You block the killer bee's attack. x2; The killer bee barely misses you.
There is a stone staircase leading down here.
The killer bee barely misses you.
The killer bee stings you but does no damage. x2
The killer bee stings you.
* * * LOW HITPOINT WARNING * * *
You block the killer bee's attack.
You climb downwards.
There is a stone staircase leading up here.
You feel very mighty all of a sudden.
The killer bee stings you but does no damage. x2
The killer bee barely misses you.
The killer bee stings you but does no damage.
The killer bee stings you.
* * * LOW HITPOINT WARNING * * *
The killer bee barely misses you. The killer bee barely misses you.
The killer bee stings you.
You die...

###########
#.........#
#.........#
#.........#
#<........#
#.........#
#..yy.....##
#...@.......
#.........#.
#####.#####
.# .# .# .#
.#


You could see 2 killer bees.

Vanquished Creatures
  4 gnolls (D:2)
  2 adders (D:2)
  A dart slug (D:1)
  3 leopard geckos
  A ball python (D:1)
  4 goblins
  4 hobgoblins
  6 jackals
  2 quokkas (D:2)
  6 bats
  2 frilled lizards
  6 kobolds
  A rat (D:2)
42 creatures vanquished.

Vanquished Creatures (others)
  A plant (D:1)
1 creature vanquished.

Grand Total: 43 creatures vanquished

Notes
Turn   | Place    | Note
-------+----------+-------------------------------------------
     0 | D:1      | dohliylev the Gargoyle Fighter began the quest for the Orb.
     0 | D:1      | Reached XP level 1. HP: 14/14 MP: 1/1
   249 | D:1      | Reached XP level 2. HP: 20/20 MP: 2/2
   277 | D:1      | Reached skill level 4 in Fighting
   824 | D:2      | Reached XP level 3. HP: 19/24 MP: 3/3
   853 | D:2      | Reached XP level 4. HP: 10/30 MP: 4/4
  1443 | D:3      | Slain by a killer bee

Illustrated notes

Levels and vault maps discovered:
D:1:      minmay_arrival_semitransparent, layout_basic, serial_bayou,
          serial_bayou_pond_d, serial_bayou_crossing, serial_bayou_lagoon_a,
          serial_bayou_shore_a, ebering_dispersal_statue_hall
D:2:      layout_rooms
D:3:      cheibrodos_old_hovel, layout_rooms, lemuel_doored_altar

Skill      XL: |  1  2  3 |
---------------+----------+-----
Fighting       | 4 |  4.6
Maces & Flails | 3 |  3.6
Armour         | |  3.2
Dodging        | |  0.4
Shields        | |  3.2

Action                   |  1- 3 |  4- 6 || total
-------------------------+-------+-------++-------
Melee: Flail             |    76 |    86 ||   162
  Use: Potion            |       |     1 ||     1
Armor: Scale mail        |    39 |    61 ||   100
Dodge: Dodged            |    23 |    43 ||    66
Block: Kite shield       |    38 |    55 ||    93
